 Dungeon Crawl Stone Soup version 0.18.1-8-gdd0e5ea (webtiles) character file.

18087 manyhoops the Bludgeoner (level 12, -11/145 HPs)
             Began as an Ogre Berserker on May 30, 2016.
             Was a High Priest of Trog.
             Mangled by a hill giant
             ... wielding a +0 giant club
              (30 damage)
             ... on level 12 of the Dungeon.
             The game lasted 00:27:03 (14625 turns).

manyhoops the Bludgeoner (Ogre Berserker)          Turns: 14625, Time: 00:27:03

Health: -11/145    AC:  6    Str: 31    XL:     12   Next: 54%
Magic:  21/21      EV: 11    Int:  6    God:    Trog [*****.]
Gold:   787        SH:  0    Dex: 19    Spells: 0 memorised, 11 levels left

rFire  + + .     SeeInvis .     x - +11 morningstar "Bonedy" {flame, MP+9}
rCold  . . .     Gourm    .     m - +2 robe {MR+}
rNeg   . . .     Faith    .     (no shield)
rPois  +         Spirit   .     (helmet restricted)
rElec  .         Dismiss  .     H - +0 cloak
rCorr  .         Reflect  .     (gloves unavailable)
SustAt .         Harm     +     (boots unavailable)
MR     ++...     Rnd*Rage +     a - amulet of harm
Stlth  +.........               y - ring "Qila" {Fire Dex+8}
                                P - ring of protection from cold

@: very resistant to hostile enchantments, very unstealthy
A: unfitting armour, hooves 1, agile 1, berserk 1, blurry vision 1, fire
resistance 1, poison resistance, strong 1, tough skin 1
a: Berserk, Trog's Hand, Brothers in Arms, Burn Spellbooks, Renounce Religion


You were on level 12 of the Dungeon.
You worshipped Trog.
Trog was extremely pleased with you.
You were very hungry.

You visited 1 branch of the dungeon, and saw 12 of its levels.

You collected 787 gold pieces.

Inventory:

Hand Weapons
 x - the +11 morningstar "Bonedy" (weapon) {flame, MP+9}
   (You found it on level 11 of the Dungeon)

   It has been specially enchanted to burn those struck by it, causing extra
   injury to most foes and up to half again as much damage against particularly
   susceptible opponents.
   It affects your magic capacity (+9).
 F - a +0 giant spiked club
 Q - a +0 blowgun
Missiles
 c - 5 large rocks (quivered)
 u - 7 steel javelins
 v - 10 tomahawks
 R - 10 curare-tipped needles
Armour
 m - a +2 robe of magic resistance (worn)
 H - a +0 cloak (worn)
Jewellery
 a - an amulet of harm (around neck)
 o - an uncursed amulet of regeneration
 y - the ring "Qila" (right hand) {Fire Dex+8}
   (You found it on level 5 of the Dungeon)

   [ring of fire]

   It enhances your fire magic, and weakens your ice magic.
   It affects your dexterity (+8).
   It protects you from fire.
   It makes you vulnerable to cold.
 z - an uncursed ring of protection from cold
 G - a +3 ring of evasion
 J - an uncursed ring of sustain attributes
 P - a ring of protection from cold (left hand)
Wands
 j - a wand of flame (9/48)
 s - a wand of slowing (22/48)
 w - a wand of random effects (22/48)
 C - a wand of enslavement (6/24)
 E - a wand of iceblast (0/15)
 I - a wand of flame (21/48)
 L - a wand of flame (28/48)
Scrolls
 e - 4 scrolls of magic mapping
 g - 2 scrolls of enchant armour
 l - a scroll of random uselessness
 p - 5 scrolls of recharging
 q - a scroll of identify
 t - a scroll of fog
 B - a scroll of acquirement {unknown}
 D - a scroll of vulnerability
 N - a scroll of holy word {unknown}
 S - a scroll of teleportation
Potions
 d - 3 potions of might
 f - 2 potions of invisibility
 h - a potion of haste
 i - a potion of berserk rage
 k - a potion of curing
 r - 2 potions of agility
Comestibles
 b - 3 slices of pizza
 n - 6 royal jellies
 A - a meat ration
 K - 5 fruits
 M - a beef jerky
 O - a bread ration


   Skills:
 * Level 16.3 Fighting
 - Level 17.6 Maces & Flails
 * Level 5.8 Throwing
 - Level 2.6 Dodging
 + Level 1.0 Evocations


You had 11 spell levels left.
You didn't know any spells.

Dungeon Overview and Level Annotations

Branches:
Dungeon (12/15)            Temple (0/1) D:6            Lair (0/8) D:11
    Orc (0/2) D:9

Altars:
Ashenzari
Cheibriados
Dithmenos
Fedhas
Gozag
Kikubaaqudgha
Okawaru
Qazlal
Trog
Xom
Yredelemnul
Zin
The Shining One

Shops:
D:9 (


Innate Abilities, Weirdness & Mutations

You are too large for most types of armour.
You have tough skin (AC +1).
You have large cloven feet.
You are agile. (Dex +2)
You tend to lose your temper in combat.
Scrolls take you a little longer to read.
Your flesh is heat resistant.
Your system is resistant to poisons.
Your muscles are strong. (Str +2)


Message History

You see here an arrow.
You start resting.
You feel yourself speed up.
You start resting.
You feel less exhausted.
You see here an arrow.
The hill giant shouts!
You hit the hill giant but do no damage.
You kick the hill giant, but do no damage.
The hill giant hits you with a giant club!!!
* * * LOW HITPOINT WARNING * * *
You're too hungry to go berserk.
You puncture the hill giant! You burn the hill giant.
You kick the hill giant, but do no damage.
The hill giant is moderately wounded.
You sock the hill giant! You burn the hill giant.
You kick the hill giant, but do no damage.
The hill giant is heavily wounded.
The hill giant hits you with a giant club!!
You die...

...........................
..........#.#.#.#.#.#.#.#.#
#......))..................
#..#####)#)#.#.#.#.#.#.#.#.
##)(................
#(#.#.#.#.#.#.#.#.#
##)........).......
..#######C#.#.#.#.#.#.#.#.
.........@................
...........#.#.#.#.#.#.#.#
#########.................
###(#.#.#.#.#.#.#.
##..............
#.#.#.#.#.#.#.. ##.........
####.... ####


You could see a hill giant.

Vanquished Creatures
  The ghost of manyhoops the Bludgeoner, a journeyman OgBe of Trog (D:9)
  The ghost of manyhoops the Bludgeoner, a novice OgBe of Trog (D:10)
  A death knight (D:11)
  Erolcha (D:8)
  Sonja (D:11)
  Pikel (D:6)
  A hill giant (D:12)
  A cyclops (D:11)
  The ghost of senseless the Conjurer, a novice OpCj (D:6)
  Maurice (D:8)
  A centaur zombie (D:11)
  A komodo dragon (D:12)
  A queen bee (D:9)
  A troll (D:12)
  2 two-headed ogres
  Sigmund (D:4)
  4 wraiths (D:11)
  Eustachio (D:6)
  4 yaks (D:11)
  3 hungry ghosts
  A steam dragon (D:11)
  Grum (D:8)
  2 hippogriffs
  4 vampire mosquitoes
  A water moccasin (D:11)
  Duvessa (D:5)
  4 orc warriors
  5 ice beasts
  A phantom (D:5)
  5 sky beasts
  3 black bears (D:8)
  An eye of draining (D:10)
  3 ogres
  4 wolves (D:8)
  14 centaurs
  A crocodile (D:11)
  Blork the orc (D:5)
  2 big kobolds
  4 giant frogs
  3 gnoll sergeants
  Dowan (D:5)
  2 scorpions (D:11)
  28 killer bees
  9 wights
  A jelly (D:8)
  A howler monkey (D:12)
  4 crimson imps
  7 orc wizards
  5 centaur skeletons
  2 giant frog skeletons
  4 orc priests
  4 hounds
  Ijyb (D:2)
  Jessica (D:2)
  2 iguanas
  7 worker ants
  A hound zombie (D:9)
  2 hound skeletons
  Robin (D:2)
  14 adders
  24 gnolls
  A river rat (D:11)
  3 shadow imps
  2 oozes
  3 worms
  An adder skeleton (D:9)
  3 adder zombies
  2 giant geckos
  31 orcs
  15 bats
  5 giant cockroaches
  14 goblins
  9 hobgoblins
  19 jackals
  15 kobolds
  2 quokkas (D:3)
  7 ball pythons
  5 giant newts
  A jackal skeleton (D:5)
  A quokka skeleton (D:8)
  16 rats
  A fungus (D:11)
367 creatures vanquished.

Vanquished Creatures (others)
  A giant frog (D:6)
  2 gnolls (D:6)
  A giant gecko (D:6)
  An orc (D:6)
  A rat (D:6)
  3 fungi (D:11)
  5 plants
14 creatures vanquished.

Grand Total: 381 creatures vanquished

Notes
Turn   | Place    | Note
--------------------------------------------------------------
     0 | D:1      | manyhoops the Ogre Berserker began the quest for the Orb.
     0 | D:1      | Reached XP level 1. HP: 24/24 MP: 1/1
   246 | D:1      | Reached XP level 2. HP: 30/33 MP: 2/2
   623 | D:1      | Reached skill level 5 in Fighting
   633 | D:1      | Reached XP level 3. HP: 42/42 MP: 3/3
   962 | D:2      | Noticed Robin
   981 | D:1      | Reached ** piety under Trog
  1408 | D:2      | Killed Robin
  1412 | D:2      | Reached XP level 4. HP: 37/52 MP: 4/4
  1646 | D:2      | Noticed Jessica
  1656 | D:2      | Killed Jessica
  1656 | D:2      | Reached skill level 5 in Maces & Flails
  1716 | D:2      | Noticed Ijyb
  1729 | D:2      | Killed Ijyb
  1729 | D:2      | Reached XP level 5. HP: 49/61 MP: 5/5
  2337 | D:2      | Found a glowing golden altar of the Shining One.
  2698 | D:3      | Reached skill level 6 in Maces & Flails
  2755 | D:3      | Reached *** piety under Trog
  2835 | D:3      | Found a blossoming altar of Fedhas.
  2836 | D:3      | Found a shattered altar of Ashenzari.
  2837 | D:3      | Found an iron altar of Okawaru.
  2841 | D:3      | Found a shimmering altar of Xom.
  3127 | D:3      | Reached XP level 6. HP: 61/71 MP: 6/6
  3519 | D:4      | Noticed Sigmund
  3529 | D:4      | Killed Sigmund
  3529 | D:4      | Reached skill level 7 in Maces & Flails
  3529 | D:4      | Reached XP level 7. HP: 58/80 MP: 7/7
  3542 | D:4      | Found a stormy altar of Qazlal.
  3631 | D:4      | Found a stormy altar of Qazlal.
  4179 | D:5      | Entered Level 5 of the Dungeon
  4315 | D:5      | Reached skill level 8 in Maces & Flails
  4348 | D:5      | Noticed Blork the orc
  4354 | D:5      | Noticed Dowan
  4356 | D:5      | Killed Blork the orc
  4358 | D:5      | Noticed Duvessa
  4365 | D:5      | Killed Duvessa
  4377 | D:5      | Killed Dowan
  4377 | D:5      | Reached skill level 9 in Maces & Flails
  4685 | D:5      | Reached XP level 8. HP: 86/91 MP: 8/8
  4996 | D:5      | Reached skill level 10 in Maces & Flails
  5007 | D:5      | Got an ancient lapis lazuli ring
  5008 | D:5      | Identified the ring "Qila" {Fire Dex+8} (You found it on level 5 of the Dungeon)
  5196 | D:5      | Found a bloodstained altar of Trog.
  5329 | D:6      | Found an opulent altar of Gozag.
  5330 | D:6      | Found an ancient bone altar of Kikubaaqudgha.
  5335 | D:6      | Found a basalt altar of Yredelemnul.
  5338 | D:6      | Reached **** piety under Trog
  5340 | D:6      | Noticed senseless's ghost (novice OpCj)
  5351 | D:6      | Killed senseless's ghost
  5351 | D:6      | Reached skill level 11 in Maces & Flails
  5639 | D:6      | Found a staircase to the Ecumenical Temple.
  5703 | D:6      | Noticed Eustachio
  5718 | D:6      | Killed Eustachio
  5718 | D:6      | Reached skill level 10 in Fighting
  5718 | D:6      | Reached skill level 12 in Maces & Flails
  5718 | D:6      | Reached XP level 9. HP: 63/101 MP: 9/9
  5735 | D:6      | Noticed Pikel
  5748 | D:6      | Killed Pikel
  5868 | D:6      | Reached skill level 13 in Maces & Flails
  5883 | D:6      | Gained mutation: You have an increased reservoir of magic (+10% MP). [mutagenic meat]
  5884 | D:6      | Gained mutation: You tend to lose your temper in combat. [mutagenic meat]
  6516 | D:7      | Found a snail-covered altar of Cheibriados.
  6746 | D:7      | Got a jewelled spear
  6747 | D:7      | Identified the +7 spear of Fury {pierce, MR++ Dex+2} (You found it on level 7 of the Dungeon)
  6763 | D:7      | Found a shadowy altar of Dithmenos.
  6785 | D:7      | Reached skill level 14 in Maces & Flails
  7098 | D:7      | Reached XP level 10. HP: 90/113 MP: 11/11
  7727 | D:8      | Noticed Erolcha
  7746 | D:8      | Killed Erolcha
  7746 | D:8      | Reached skill level 15 in Maces & Flails
  7746 | D:8      | Reached skill level 1 in Throwing
  7960 | D:8      | Reached ***** piety under Trog
  8109 | D:8      | Gained mutation: Your system is resistant to poisons. [mutagenic meat]
  8111 | D:8      | Gained mutation: Your flesh is heat resistant. [mutagenic meat]
  8267 | D:8      | Noticed Grum
  8300 | D:8      | Killed Grum
  8708 | D:8      | Noticed Maurice
  8726 | D:8      | Killed Maurice
  8726 | D:8      | Received a gift from Trog
  9029 | D:9      | Found a glowing silver altar of Zin.
  9029 | D:9      | Noticed an angel
  9074 | D:9      | Reached XP level 11. HP: 125/127 MP: 12/12
  9166 | D:9      | Noticed manyhoops's ghost (journeyman OgBe)
  9203 | D:9      | Killed manyhoops's ghost
  9582 | D:9      | Found Pywudd's Antique Weapon Shop.
  9616 | D:9      | Found a staircase to the Orcish Mines.
  9635 | D:9      | Reached skill level 16 in Maces & Flails
  9885 | D:10     | Entered Level 10 of the Dungeon
 10582 | D:10     | Noticed manyhoops's ghost (novice OgBe)
 11073 | D:10     | Gained mutation: You are agile. (Dex +2) [mutagenic meat]
 11075 | D:10     | Lost mutation: You have an increased reservoir of magic (+10% MP). [mutagenic meat]
 11076 | D:10     | Gained mutation: You have large cloven feet. [mutagenic meat]
 11077 | D:10     | Gained mutation: Scrolls take you a little longer to read. [mutagenic meat]
 11078 | D:10     | Gained mutation: Your muscles are strong. (Str +2) [mutagenic meat]
 11570 | D:10     | Killed manyhoops's ghost
 11757 | D:11     | Received a gift from Trog
 11884 | D:11     | Got a crude morningstar
 11985 | D:11     | Reached skill level 17 in Maces & Flails
 12778 | D:11     | Noticed Sonja
 12799 | D:11     | Killed Sonja
 13287 | D:11     | Reached XP level 12. HP: 140/140 MP: 12/12
 13288 | D:11     | Noticed a death knight
 13313 | D:11     | HP: 5/210 [centaur (6)]
 13647 | D:11     | Identified the +11 morningstar "Bonedy" {flame, MP+9} (You found it on level 11 of the Dungeon)
 13779 | D:11     | Found a staircase to the Lair.
 13787 | D:11     | Reached skill level 15 in Fighting
 13925 | D:11     | Killed a death knight
 13925 | D:11     | Reached skill level 5 in Throwing
 14361 | D:12     | Received a gift from Trog
 14554 | D:12     | Reached skill level 1 in Evocations
 14625 | D:12     | Mangled by a hill giant

Skill      XL: |  1  2  3  4  5  6  7  8  9 10 11 12 |
---------------+-------------------------------------+-----
Fighting       | 5 6 7 8 10 11 13 14 16 | 16.3
Maces & Flails | 5 6 7 9 12 14 15 17 | 17.6
Throwing       | 2 4 5 |  5.8
Evocations     | 1 |  1.0
Dodging        | |  2.6

Action                   |  1- 3 |  4- 6 |  7- 9 | 10-12 || total
-------------------------+-------+-------+-------+-------++-------
Melee: Mace              |    41 |   155 |   286 |   235 ||   717
       Flail             |    71 |       |       |   277 ||   348
       Spear             |       |       |     3 |       ||     3
       Kick              |       |       |       |   119 ||   119
       Morningstar       |       |       |       |   127 ||   127
Throw: Tomahawk          |       |       |       |    13 ||    13
Invok: Berserk           |     1 |     1 |     4 |    13 ||    19
       Burn Spellbooks   |       |       |     1 |       ||     1
       Trog's Hand       |       |       |     1 |       ||     1
Evoke: Wand              |       |       |     2 |     6 ||     8
  Use: Scroll            |       |     6 |     7 |    10 ||    23
       Potion            |       |       |       |     8 ||     8
 Stab: Sleeping          |     1 |       |       |     3 ||     4
  Eat: Chunk             |     2 |     9 |    10 |    24 ||    45
       Meat ration       |       |       |     2 |     2 ||     4
       Bread ration      |       |       |     1 |     3 ||     4
       Royal jelly       |       |       |     1 |     2 ||     3
Armor: Animal skin       |    37 |     1 |       |       ||    38
       Robe              |       |    51 |    67 |   153 ||   271
       Skin              |       |       |       |    92 ||    92
Dodge: Dodged            |    80 |    81 |   131 |   281 ||   573
